 Dungeon Crawl Stone Soup version 0.25.1-2-g60ff931df9 (console) character file.

Game seed: 14163592422442389857

1081 Godmorgon the Slicer (level 8, -11/49 HPs)
             Began as a Kobold Hunter on Oct 12, 2020.
             Was a Follower of Okawaru.
             Mangled by an orc warrior
             ... wielding a +0 flail
              (13 damage)
             ... on level 6 of the Dungeon.
             The game lasted 00:29:42 (6306 turns).

Godmorgon the Slicer (Kobold Hunter)                Turns: 6306, Time: 00:29:43

Health: -11/49     AC:  6    Str: 17    XL:     8   Next: 55%
Magic:  10/10      EV: 15    Int: 12    God:    Okawaru [*.....]
Gold:   334        SH:  0    Dex: 17    Spells: 7/7 levels left

rFire    . . .     SeeInvis .   b - +1 falchion (elec)
rCold    . . .     Gourm    .   (shield restricted)
rNeg     . . .     Faith    .   L - +1 leather armour "Odooc" {Str+6 Dex-5}
rPois    .         Spirit   .   (no helmet)
rElec    .         Reflect  .   J - +1 cloak {MR+}
rCorr    .         Harm     .   r - -1 pair of gloves (curse)
MR       +....                  (no boots)
Stlth    +.........             k - amulet of regeneration
HPRegen  0.56/turn              w - +6 ring of dexterity
MPRegen  0.12/turn              G - ring of attention (curse)

@: no status effects
A: small, carnivore
a: Heroism, Renounce Religion


You were on level 6 of the Dungeon.
You worshipped Okawaru.
Okawaru was aware of your devotion.
You were completely stuffed.

You visited 2 branches of the dungeon, and saw 7 of its levels.
You also visited: Ossuary.

You collected 334 gold pieces.

Inventory:

Hand Weapons
 a - a +1 hand crossbow
 b - a +1 falchion of electrocution (weapon)
 F - a +0 dagger
Missiles
 g - 39 poisoned darts (quivered)
 l - 100 stones
 n - 12 sling bullets
 t - 2 boomerangs
 E - 11 bolts
Armour
 c - a +0 leather armour
 r - a cursed -1 pair of gloves (worn)
 u - a +1 pair of gloves
 J - a +1 cloak of magic resistance (worn)
 L - the +1 leather armour "Odooc" (worn) {Str+6 Dex-5}
   (You found it on level 6 of the Dungeon)

   It affects your strength (+6).
   It affects your dexterity (-5).
Jewellery
 k - an amulet of regeneration (around neck)
 w - a +6 ring of dexterity (left hand)
 G - a cursed ring of attention (right hand)
Wands
 d - a wand of digging (6)
 H - a wand of polymorph (10)
 K - a wand of iceblast (6)
Scrolls
 e - 2 scrolls of blinking
 i - 3 scrolls of teleportation
 j - 5 scrolls of amnesia
 p - a scroll of enchant weapon
 y - a scroll of torment
 A - 2 scrolls of remove curse {unknown}
 C - a scroll of fear {unknown}
 D - a scroll of immolation
Potions
 h - 2 potions of ambrosia {unknown}
 m - 3 potions of heal wounds {unknown}
 o - 2 potions of curing
 q - 2 potions of cancellation {unknown}
 s - a potion of haste {unknown}
 v - 2 potions of lignification {unknown}
 x - 2 potions of stabbing {unknown}
 z - a potion of degeneration {unknown}
 B - a potion of flight {unknown}
Comestibles
 f - 10 rations


   Skills:
 + Level 5.3 Fighting
 * Level 8.2 Short Blades
 + Level 7.2 Crossbows
 - Level 2.4 Dodging
 - Level 1.3 Stealth
 + Level 2.7 Invocations


You had 7 spell levels left.
You didn't know any spells.
Your spell library contained the following spells:

 Spells                   Type           Power        Failure   Level  Hunger
 Sting                    Tmut/Pois      #...         38%         1    ##.....
 Poisonous Vapours        Pois/Air       #.....       52%         2    ###....
 Ignite Poison            Fire/Tmut/Pois #.......     77%         3    ####...
 Mephitic Cloud           Conj/Pois/Air  #.......     77%         3    ####...
 Olgreb's Toxic Radiance  Pois           #.......     99%         4    #####..


Dungeon Overview and Level Annotations

Branches:
Dungeon (6/15)             Temple (1/1) D:4         Ossuary (visited)

Altars:
Ashenzari
Cheibriados
Dithmenos
Elyvilon
Fedhas
Gozag
Hepliaklqana
Kikubaaqudgha
Makhleb
Nemelex Xobeh
Okawaru
Qazlal
Ru
Trog
Wu Jian
Yredelemnul
Zin
The Shining One

Annotations:
D:4 3 runed translucent doors, Sigmund; axecop's ghost, novice KoAM


Innate Abilities, Weirdness & Mutations

You are small and have problems with some larger weapons.
You are carnivorous and can eat meat at any time.


Message History

You closely miss the orc.
The orc is heavily wounded.
The orc misses you.
An orc comes into view. It is wielding a +0 trident.
The orc warrior barely misses you.
You riposte.
The orc shouts!
You hit the orc warrior but do no damage.
Lightning courses through the orc warrior!
The orc warrior is severely wounded.
You hit the orc.
The orc is severely wounded.
The orc hits you but does no damage.
The orc warrior hits you with a +0 flail!
* * * LOW HITPOINT WARNING * * *
The orc hits you with a +0 falchion.
* * * LOW HITPOINT WARNING * * *
You closely miss the orc.
The orc is severely wounded.
The orc warrior hits you with a +0 flail!
You die...

#..)..## ....... ##.....#
##....... #....## #........
# ##...## ##........ ##
##...## #.o# .## ##...#
##..# ..# ##..## #).## ..##
#...## ##oo# ...# ##...##
#.@## ...## #....###..#
....# ##...##...# ....##
#.......## .....# ##......#
#### .....#####.....##
###).###
...............####
##......#
#..####......#....####
#.......# ####
###...#####....####........


You could see an orc warrior and 2 orcs.

Vanquished Creatures
  An ogre (D:6)
  A black bear (D:6)
  2 centaurs (D:5)
  An elf zombie (Ossuary)
  A bullfrog (D:5)
  A howler monkey (D:5)
  A crimson imp (D:6)
  A centaur zombie (Ossuary)
  A hound (D:5)
  Crazy Yiuf (D:5)
  A gnoll shaman (D:5)
  An orc wizard (D:3)
  A bullfrog skeleton (D:4)
  Terence (D:3)
  A big kobold zombie (Ossuary)
  A hound skeleton (D:5)
  2 hound zombies (Ossuary)
  3 mummies (Ossuary)
  3 gnolls (D:5)
  5 adders
  3 shadow imps
  3 adder zombies (Ossuary)
  A worm (D:3)
  3 dart slugs (D:1)
  3 leopard geckos
  18 orcs
  3 giant cockroaches
  2 gnoll zombies (Ossuary)
  6 goblins
  8 hobgoblins
  8 jackals
  2 quokkas (D:5)
  A ball python zombie (D:6)
  7 bats
  7 frilled lizards
  6 goblin zombies
  3 hobgoblin zombies (Ossuary)
  5 jackal zombies (Ossuary)
  3 kobolds (D:1)
  A kobold zombie (Ossuary)
  A leopard gecko zombie (D:5)
  An orc zombie (Ossuary)
  A quokka skeleton (D:5)
  5 quokka zombies (Ossuary)
  8 rats
  3 rat zombies
142 creatures vanquished.

Notes
Turn   | Place    | Note
-------+----------+-------------------------------------------
     0 | D:1      | Godmorgon the Kobold Hunter began the quest for the Orb.
     0 | D:1      | Reached XP level 1. HP: 12/12 MP: 1/1
    46 | D:1      | Reached skill level 1 in Short Blades
   135 | D:1      | Reached XP level 2. HP: 17/18 MP: 2/2
   250 | D:1      | Reached skill level 5 in Crossbows
   408 | D:1      | Reached skill level 2 in Short Blades
   417 | D:1      | Reached XP level 3. HP: 22/22 MP: 3/3
  1407 | D:2      | Reached skill level 3 in Short Blades
  1407 | D:2      | Reached XP level 4. HP: 21/27 MP: 4/4
  1637 | D:2      | Found a faded altar of an unknown god.
  1859 | D:3      | Found a white marble altar of Elyvilon.
  1890 | D:3      | Noticed Terence
  2039 | D:3      | Reached XP level 5. HP: 27/32 MP: 5/5
  2112 | D:3      | Reached skill level 4 in Short Blades
  2441 | D:3      | Killed Terence
  2652 | D:4      | Found a sand-covered staircase.
  2688 | Ossuary  | Entered an ossuary
  2793 | Ossuary  | Reached XP level 6. HP: 31/38 MP: 6/6
  2839 | Ossuary  | Reached skill level 5 in Short Blades
  3393 | Ossuary  | Reached skill level 6 in Short Blades
  3393 | Ossuary  | Reached XP level 7. HP: 28/43 MP: 7/7
  3498 | D:4      | Found a blossoming altar of Fedhas.
  3651 | D:4      | Noticed axecop's ghost (novice KoAM)
  3654 | D:4      | Found a runed translucent gate.
  3654 | D:4      | Found a runed translucent gate.
  3654 | D:4      | Found a runed translucent gate.
  3718 | D:4      | Found a staircase to the Ecumenical Temple.
  3727 | Temple   | Entered the Ecumenical Temple
  3756 | Temple   | Became a worshipper of Warmaster Okawaru
  4024 | D:4      | Found a stormy altar of Qazlal.
  4436 | D:4      | Noticed Sigmund
  4519 | D:5      | Entered Level 5 of the Dungeon
  4569 | D:5      | Reached skill level 1 in Invocations
  4807 | D:5      | Reached skill level 7 in Short Blades
  4870 | D:5      | Reached XP level 8. HP: 31/48 MP: 9/9
  4956 | D:5      | HP: 1/48 [gnoll/+1 flail of venom (9)]
  5384 | D:5      | Found a sparkling altar of Nemelex Xobeh.
  5632 | D:5      | Found a runed translucent door.
  5633 | D:5      | Noticed Crazy Yiuf
  5657 | D:5      | Killed Crazy Yiuf
  5790 | D:5      | Reached skill level 5 in Fighting
  5983 | D:6      | Got an encrusted leather armour
  5994 | D:6      | Identified the +1 leather armour "Odooc" {Str+6 Dex-5} (You
                  | found it on level 6 of the Dungeon)
  6080 | D:6      | Reached skill level 8 in Short Blades
  6192 | D:6      | Reached * piety under Okawaru
  6305 | D:6      | HP: 2/49 [orc/+0 falchion (5)]
  6306 | D:6      | Mangled by an orc warrior

Illustrated notes

Levels and vault maps discovered:
D:1:      grunt_arrival_crossed_arrows, layout_loops_ring, minmay_lizard_king
D:2:      layout_rooms, chequers_ecumenical_altar_lobes
D:3:      layout_basic, nicolae_overflow_crystal_walls, first_ration,
          uniq_terence
D:4:      layout_loops_corners, grunt_temple_overflow_forces_of_nature,
          minmay_temple_entry_stoned_glass, gammafunk_ghost_split,
          enter_ossuary_4, uniq_sigmund
D:5:      layout_loops_ring, nemelex_xobeh_ov_fountains_minmay,
          uniq_crazy_yiuf_cottage
D:6:      layout_cave_pods, uniq_blork_the_orc
Temple:   jpeg_temple_clearing

Skill      XL: |  1  2  3  4  5  6  7  8 |
---------------+-------------------------+-----
Short Blades   | 1 2 3 4 6 7 8 |  8.2
Crossbows      | 5 6 7 |  7.2
Fighting       | 3 4 5 |  5.3
Invocations    | 1 2 |  2.7
Dodging        | |  2.4
Stealth        | |  1.3

Action                   |  1- 3 |  4- 6 |  7- 9 || total
-------------------------+-------+-------+-------++-------
Melee: Short sword       |   137 |   309 |   135 ||   581
       Falchion          |       |       |    42 ||    42
 Fire: Hand crossbow     |     4 |    43 |    29 ||    76
Throw: Dart              |     7 |    14 |    29 ||    50
  Use: Scroll            |       |     6 |     3 ||     9
       Potion            |       |       |     4 ||     4
 Stab: Sleeping          |     1 |     4 |     1 ||     6
       Distracted        |       |       |     1 ||     1
  Eat: Chunk             |    10 |     5 |    11 ||    26
Armor: Leather armour    |    32 |    37 |    26 ||    95
Dodge: Dodged            |   106 |   242 |   134 ||   482
       Rpst.: Falchion   |       |       |     8 ||     8
